 Dungeon Crawl Stone Soup version 0.28-a0-1389-gc726bef33b (webtiles) character file.

Game seed: 17800994535990079028

3609 rogsnak the Destroyer (level 9, 0/61 HPs)
             Began as a Demonspawn Air Elementalist on Jan 4, 2022.
             Was a Follower of Sif Muna.
             Killed from afar by Harold (13 damage)
             ... with a harpoon shot
             ... on level 7 of the Dungeon.
             The game lasted 00:23:18 (9647 turns).

rogsnak the Destroyer (Demonspawn Air Elementalist) Turns: 9647, Time: 00:23:18

Health: 0/61       AC:  7    Str:  9    XL:     9   Next: 86%
Magic:  8/19       EV: 13    Int: 26    God:    Sif Muna [*.....]
Gold:   265        SH:  0    Dex: 14    Spells: 10/22 levels left

rFire   . . .      SeeInvis .   E - +2 rapier (venom)
rCold   . . .      Faith    .   (no shield)
rNeg    . . .      Spirit   .   a - +0 robe
rPois   .          Reflect  .   q - +1 hat
rElec   .          Harm     .   m - +0 cloak
rCorr   .          Rampage  .   (no gloves)
Will    .....                   (no boots)
Stlth   ++........              (no amulet)
HPRegen 0.20/turn               I - +6 ring of intelligence
MPRegen 0.16/turn               (no ring)

@: marked
A: antennae 2, molten scales 2
a: Renounce Religion, Channel Magic


You were on level 7 of the Dungeon.
You worshipped Sif Muna.
Sif Muna was aware of your devotion.
You visited 2 branches of the dungeon, and saw 8 of its levels.

You collected 265 gold pieces.

Inventory:

Hand Weapons
 d - a +3 mace of freezing
 p - a +3 dire flail of freezing
 x - a +2 dagger of electrocution
 E - a +2 rapier of venom (weapon)
 G - a +2 flail of protection
Armour
 a - a +0 robe (worn)
 k - the +5 ring mail of Ynagof {Int+3}
   (You found it on level 2 of the Dungeon)

   Int:       It affects your intelligence (+3).
 m - a +0 cloak (worn)
 q - a +1 hat (worn)
 H - an orb of energy
Magical Staves
 D - a staff of earth
Jewellery
 r - a ring of fire
 y - a ring of ice
 I - a +6 ring of intelligence (left hand)
Wands
 t - a wand of flame (2)
Scrolls
 c - 4 scrolls of teleportation {unknown}
 e - a scroll of silence {unknown}
 f - 3 scrolls of blinking {unknown}
 h - 2 scrolls of fog {unknown}
 j - a scroll of holy word {unknown}
 s - 2 scrolls of magic mapping {unknown}
 u - 2 scrolls of amnesia {unknown}
 A - a scroll of enchant armour {unknown}
 B - a scroll of fear {unknown}
 F - a scroll of torment {unknown}
 J - 2 scrolls of identify {unknown}
 K - a scroll of summoning {unknown}
Potions
 b - 3 potions of brilliance
 g - 3 potions of lignification {unknown}
 i - 3 potions of haste {unknown}
 l - 4 potions of curing {unknown}
 n - a potion of attraction {unknown}
 o - 3 potions of heal wounds {unknown}
 v - 2 potions of degeneration {unknown}
 w - 2 potions of mutation {unknown}
 z - a potion of magic {unknown}
 L - a potion of flight {unknown}
 M - a potion of might {unknown}


   Skills:
 + Level 2.2 Fighting
 - Level 0.3 Short Blades
 + Level 3.7 Dodging
 - Level 1.8 Stealth
 + Level 7.1 Spellcasting
 * Level 8.3 Conjurations
 + Level 7.3 Air Magic


You had 10 spell levels left.
You knew the following spells:

 Your Spells              Type           Power      Damage    Failure   Level
a - Shock                 Conj/Air       100%       1d9       1%          1
b - Swiftness             Air            47%        N/A       1%          3
c - Airstrike             Air            23%        N/A       3%          4
d - Hailstorm             Conj/Ice       31%        3d8       11%         4

Your spell library contained the following spells:

 Spells                   Type           Power      Damage    Failure   Level
 Corpse Rot               Necr/Air       56%        N/A       1%          2
 Poisonous Vapours        Pois/Air       56%        N/A       1%          2
 Static Discharge         Conj/Air       50%        N/A       1%          2
 Beastly Appendage        Tmut           18%        N/A       6%          1
 Freeze                   Ice            36%        1d6       6%          1
 Wereblood                Tmut           9%         N/A       10%         2
 Frozen Ramparts          Ice            18%        1d3       19%         3
 Spider Form              Tmut/Pois      9%         N/A       19%         3


Dungeon Overview and Level Annotations

Branches:
Dungeon (7/15)             Temple (1/1) D:6

Altars:
Ashenzari
Cheibriados
Dithmenos
Elyvilon
Fedhas
Gozag
Kikubaaqudgha
Makhleb
Nemelex Xobeh
Okawaru
Qazlal
Ru
Sif Muna
Trog
Uskayaw
Vehumet
Wu Jian
Xom
Yredelemnul
Zin

Annotations:
D:3 Sigmund
D:5 Dowan
D:6 wall cache
D:7 Harold


Innate Abilities, Weirdness & Mutations

You have a pair of antennae on your head.
You are mostly covered in molten scales. (AC +3)


Message History

* * * LOW HITPOINT WARNING * * *
You are yanked forward by the harpoon shot.
Unknown command.
Harold points at you and mumbles some strange words.
The mark upon you grows brighter. Harold casts a spell at you.
The mark upon you grows brighter.
Harold says, "This is so exciting!
What a great way to end my career!"
Harold throws a throwing net.
The throwing net hits you.
You become entangled in the net!
You see here a throwing net.
Unknown command.
Okay, then.
Okay, then.
Okay, then.
You struggle against the net.
Unknown command.
Casting: Airstrike (dangerous; 3% risk of failure)
Confirm with . or Enter, or press ? or * to list all spells.
Aiming: Airstrike (dangerous; 3% risk of failure)
Press: ? - help, Dir - move target, f/p - Harold
Aim: Harold, wielding a +0 trident, wearing a +0 chain mail and quivering 3 throwing nets (moderately wounded, spells empowered, poisoned, empty space bonus: 8/8)
Okay, then.
You struggle against the net.
Harold casts a spell at you. The mark upon you grows brighter.
Unknown command.
You tear a large gash into the net.
Harold fires a harpoon shot at you. The harpoon shot misses you.
Unknown command.
You rip the net and break free!
Harold says, "This is so exciting!
What a great way to end my career!"
Unknown command.
Harold throws a throwing net.
The throwing net barely misses you.
Harold looks more healthy.
Harold throws a throwing net.
The throwing net barely misses you. Harold fires a harpoon shot at you.
The harpoon shot hits you!
You die...

##...# ##.#.# . ... .. #...[##
#....## .......# ..## ......#
.....##......#..##..# .##...##
#...................## ###....###
#.#...##..............
.#.......###..........##.....#...
.##...#...............###........
..##..##..............##..)....#
####............@.....###......#
.>............#......###......##
.....................###....)..##
#............#.......##..........
#............###.....@..@........
#..†##.#.......####(.(..........#
#...####.........####.#.......)##
#.### #.........###..(...##...#
..######..........(#.....###...#


You could see Harold (empowered).

Vanquished Creatures
  Joseph (D:7)
  Prince Ribbit (D:5)
  Eustachio (D:6)
  Menkaure (D:5)
  2 water moccasins
  Edmund (D:5)
  A hornet zombie (D:7)
  3 orc warriors
  2 black bears
  A necrophage (D:5)
  2 ice beasts (D:6)
  2 ogres
  A phantom (D:4)
  A wyvern zombie (D:7)
  4 scorpions
  A wyvern skeleton (D:7)
  A water moccasin zombie (D:6)
  A water moccasin skeleton (D:4)
  8 wights (D:7)
  A bullfrog zombie (D:6)
  A centaur zombie (D:5)
  2 hounds
  A jelly (D:5)
  2 orc priests
  2 iguanas
  6 orc wizards
  A howler monkey zombie (D:6)
  4 howler monkey skeletons
  3 adders
  A shadow imp (D:3)
  2 white imps
  An ufetubus (D:6)
  An adder skeleton (D:4)
  2 worms
  15 orcs
  6 ball pythons
  4 bats
  9 endoplasms
  2 giant cockroaches
  10 goblins
  2 hobgoblins
  5 kobolds
  3 quokkas
  3 frilled lizards
  4 rats
128 creatures vanquished.

Vanquished Creatures (others)
  3 fungi (D:5)
3 creatures vanquished.

Grand Total: 131 creatures vanquished

Notes
Turn   | Place    | Note
-------+----------+-------------------------------------------
     0 | D:1      | rogsnak the Demonspawn Air Elementalist began the quest for
                  | the Orb.
     0 | D:1      | Reached XP level 1. HP: 13/13 MP: 3/3
   397 | D:1      | Gained mutation: You have a pair of small antennae on your
                  | head. [demonic ancestry]
   397 | D:1      | Reached XP level 2. HP: 19/19 MP: 0/5
   679 | D:1      | Found a faded altar of an unknown god.
  1405 | D:2      | Reached XP level 3. HP: 21/24 MP: 0/6
  1617 | D:2      | Identified the +5 ring mail of Ynagof {Int+3}
  2073 | D:2      | Reached skill level 2 in Conjurations
  2771 | D:3      | Found a blossoming altar of Fedhas.
  2771 | D:3      | Found a faded altar of an unknown god.
  2779 | D:3      | Found a shadowy altar of Dithmenos.
  2781 | D:3      | Found a faded altar of an unknown god.
  2783 | D:3      | Found an ornate altar of the Wu Jian Council.
  2811 | D:3      | Found a broken altar of Ashenzari.
  2889 | D:3      | Gained mutation: You have a pair of antennae on your head.
                  | [demonic ancestry]
  2889 | D:3      | Reached XP level 4. HP: 26/30 MP: 0/7
  3049 | D:3      | Noticed Sigmund
  3300 | D:4      | Found a burning altar of Makhleb.
  3585 | D:4      | Reached skill level 3 in Conjurations
  3585 | D:4      | Reached XP level 5. HP: 23/35 MP: 1/9
  3824 | D:4      | Noticed a phantom
  3858 | D:4      | Killed a phantom
  3996 | D:4      | Reached XP level 6. HP: 42/42 MP: 3/11
  4463 | D:4      | Learned a level 3 spell: Swiftness
  4468 | D:4      | Learned a level 4 spell: Airstrike
  4744 | D:5      | Entered Level 5 of the Dungeon
  4805 | D:5      | Reached skill level 4 in Conjurations
  5060 | D:5      | Noticed Menkaure
  5138 | D:5      | Killed Menkaure
  5139 | D:5      | Gained mutation: You are partially covered in molten
                  | scales. (AC +2) [demonic ancestry]
  5139 | D:5      | Reached XP level 7. HP: 29/47 MP: 3/13
  5311 | D:5      | Noticed Dowan
  5314 | D:5      | Noticed Prince Ribbit
  5324 | D:5      | Killed Prince Ribbit
  5325 | D:5      | Reached skill level 1 in Fighting
  5325 | D:5      | Reached skill level 5 in Conjurations
  5627 | D:5      | Noticed Edmund
  5647 | D:5      | Killed Edmund
  5846 | D:5      | Found a large runed translucent door.
  5847 | D:5      | Found a large runed translucent door.
  5870 | D:5      | Reached skill level 5 in Air Magic
  5931 | D:5      | Found an opulent altar of Gozag.
  5941 | D:5      | Gained mutation: You are mostly covered in molten scales.
                  | (AC +3) [demonic ancestry]
  5941 | D:5      | Reached XP level 8. HP: 46/54 MP: 14/14
  5982 | D:5      | Found a shimmering altar of Xom.
  6057 | D:5      | Reached skill level 6 in Conjurations
  6311 | D:6      | Reached skill level 5 in Spellcasting
  6691 | D:6      | Found a hide-covered altar of Uskayaw.
  6905 | D:6      | Reached skill level 7 in Conjurations
  7007 | D:6      | Noticed Eustachio
  7014 | D:6      | Killed Eustachio
  7148 | D:6      | Reached XP level 9. HP: 60/60 MP: 8/17
  7395 | D:6      | Found a staircase to the Ecumenical Temple.
  7404 | Temple   | Entered the Ecumenical Temple
  7487 | Temple   | Became a worshipper of Sif Muna the Loreminder
  7566 | D:6      | Learned a level 4 spell: Hailstorm
  8671 | D:7      | Reached skill level 8 in Conjurations
  8902 | D:7      | Reached * piety under Sif Muna
  9278 | D:7      | Noticed Joseph
  9389 | D:7      | Killed Joseph
  9615 | D:7      | Noticed Harold
  9647 | D:7      | Killed from afar by Harold

Illustrated notes

Levels and vault maps discovered:
D:1:      minmay_arrival_five_plusses, layout_basic,
          shapermc_ecumenical_altar_flowoftime, serial_bayou_ford_a
D:2:      layout_basic
D:3:      layout_rooms, nicolae_ashenzari_skybound,
          chequers_temple_overflow_minitemple, minmay_misc_feat_roman,
          uniq_sigmund
D:4:      layout_loops_ring, makhleb_blood_cavern_becter
D:5:      layout_loops_ring, jmf_multi_god_temple2, serial_aquarium,
          aquarium_bridge_square [aquarium_subvault_bridge,
          aquarium_subvault_bridge, aquarium_subvault_balcony,
          aquarium_subvault_bridge], aquarium_window_2, aquarium_window_1,
          aquarium_view_2b, aquarium_view_2c, nicolae_shop_self_help,
          uniq_menkaure, uniq_edmund, uniq_prince_ribbit1, uniq_duvessa
D:6:      layout_basic, mainiacjoe_overflow_paths, minmay_temple_entry_poolview,
          hangedman_decor_riveting, lightli_corner_chamber, uniq_eustachio
D:7:      layout_cave_pools, uniq_joseph, uniq_harold
Temple:   eino_narrow_crystal_temple

Skill      XL: |  1  2  3  4  5  6  7  8  9 |
---------------+----------------------------+-----
Air Magic      | 3 4 5 6 7 |  7.3
Dodging        | 2 3 |  3.7
Conjurations   | 2 3 4 5 7 8 |  8.3
Spellcasting   | 3 4 5 7 |  7.1
Fighting       | 1 2 |  2.2
Short Blades   | |  0.3
Stealth        | |  1.8

Action                   |  1- 3 |  4- 6 |  7- 9 || total
-------------------------+-------+-------+-------++-------
Melee: Trident           |    29 |    10 |       ||    39
       Dagger            |       |     4 |    14 ||    18
       Rapier            |       |     3 |    36 ||    39
 Cast: Shock             |    89 |    90 |   155 ||   334
       Airstrike         |       |       |    42 ||    42
 Stab: Sleeping          |     1 |       |       ||     1
Armor: Robe              |    13 |    14 |    36 ||    63
Dodge: Dodged            |    25 |    27 |    82 ||   134

Table legend: (Time is in decaauts)
 A = Elapsed time spent in this place.
 B = Non-inter-level travel time spent in this place.
 C = Inter-level travel time spent in this place.
 D = Time resting spent in this place.
 E = Time spent auto-exploring this place.
 F = Levels seen in this place.
 G = Mean time per level.
                   A        B        C        D        E       F      G
               +--------+--------+--------+--------+--------+-----+--------+
         Total |   9663 |   9457 |    206 |   2944 |   4670 |   8 | 1207.9 |
       Dungeon |   9564 |   9358 |    206 |   2944 |   4615 |   7 | 1366.3 |
        Temple |     98 |     98 |      0 |      0 |     55 |   1 |   98.0 |
               +--------+--------+--------+--------+--------+-----+--------+

Top non-repeatable levels by time:
     D:6: 2011 daAuts
     D:5: 1497 daAuts
     D:4: 1492 daAuts
     D:2: 1341 daAuts
     D:7: 1298 daAuts
     D:1: 1052 daAuts
     D:3: 872 daAuts
  Temple: 98 daAuts
